 Dungeon Crawl Stone Soup version 0.31-a0-662-g684573625c (webtiles) character file.

Game seed: 15684604920521294288

27 sampeng1 the Ruffian (level 2, -3/21 HPs)
             Began as a Demonspawn Shapeshifter on Sept 1, 2023.
             Slain by a worm (7 damage)
             ... on level 2 of the Dungeon.
             The game lasted 00:03:04 (854 turns).

sampeng1 the Ruffian (Demonspawn Shapeshifter)       Turns: 854, Time: 00:03:04

Health: -3/21      AC:  4    Str: 14    XL:     2   Next: 93%
Magic:  2/2        EV: 12    Int: 11    God:
Gold:   53         SH:  0    Dex: 12    Spells: 1/1 levels left

rFire   . .          .
                       - Unarmed
rCold   . . .        (no shield)
rNeg    . . .        i - +1 leather armour
rPois   .            (helmet currently unavailable)
rElec   .            (cloak currently unavailable)
rCorr   .            (gloves currently unavailable)
SInv    .            (boots currently unavailable)
Will    +....        (no amulet)
Stlth   +            (no ring)
HPRegen 0.23/turn    (no ring)
MPRegen 0.08/turn

%: no passive effects
@: beast-form, enlightened, flying
A: beast (slay +1), weakness stinger 1
a: Begin Untransformation


You were on level 2 of the Dungeon.
You were a hulking beast.
You visited 1 branch of the dungeon, and saw 2 of its levels.

You collected 53 gold pieces.

Inventory:

Missiles
 g - 5 boomerangs
 k - 7 poisoned darts
Armour
 a - a +0 animal skin
 i - a +1 leather armour (worn)
Talismans
 c - a beast talisman (active)
 d - a flux talisman
Potions
 b - 2 potions of lignification
 f - a potion of curing
 l - 2 potions of enlightenment


   Skills:
 + Level 1.6 Fighting
 + Level 0.0 Armour
 + Level 2.2 Dodging
 + Level 3.0 Unarmed Combat
 + Level 2.9 Shapeshifting


You had one spell level left.
You didn't know any spells.
Your spell library was empty.

Dungeon Overview and Level Annotations

Branches:
Dungeon (2/15)

Altars:


Innate Abilities, Weirdness & Mutations

You are a hulking beast.
Your limbs bulge with bestial killing power. (Slay +1)
You have a small tail.


Message History

The worm is moderately wounded.
You hit the worm.
The worm is heavily wounded.
The worm bites you!
You hit the worm.
The worm is severely wounded.
You barely miss the worm.
The worm is severely wounded.
The worm barely misses you.
You hit the worm.
The worm is almost dead.
The worm bites you!
* * * LOW HITPOINT WARNING * * *
You hit the worm.
You kill the worm!
Your Unarmed Combat skill increases to level 3!
Unknown command.
A hobgoblin and a rat come into view.
Found a stone staircase leading down.
The hobgoblin shouts!
You see here a worm corpse.
A worm comes into view.
Found 6 stones.
The hobgoblin hits you.
* * * LOW HITPOINT WARNING * * *
You see here a pink potion.
You hit the hobgoblin but do no damage.
Your tail-slap misses the hobgoblin.
The hobgoblin barely misses you. The rat misses you.
You hit the hobgoblin.
You kill the hobgoblin!
The rat bites you but does no damage. The rat attacks as it pursues you!
The rat bites you.
* * * LOW HITPOINT WARNING * * *
You see here a hobgoblin corpse.
You hit the rat but do no damage. The rat bites you but does no damage.
You hit the rat but do no damage. You tail-slap the rat.
You kill the rat!
You see here a pink potion.
The worm bites you!
You die...

#.# #### #.### #...#
#... # .....#
#..####.###..
.(..>.##....<.(....(
.........†.#####.##.
..........##
#........##
.......h!#
#.....w.†#
.....>...#
#.......## .........
#.......# ##....###
..... #.###


You could see a worm.

Vanquished Creatures
  A worm (D:2)
  An endoplasm (D:1)
  3 giant cockroaches (D:1)
  A goblin (D:1)
  2 hobgoblins
  2 ball pythons (D:1)
  2 bats (D:1)
  8 frilled lizards (D:1)
  2 kobolds (D:1)
  5 rats
27 creatures vanquished.

Notes
Turn   | Place    | Note
-------+----------+-------------------------------------------
     0 | D:1      | sampeng1 the Demonspawn Shapeshifter began the quest for
                  | the Orb.
     0 | D:1      | Reached XP level 1. HP: 15/15 MP: 1/1
    99 | D:1      | Found a faded altar of an unknown god.
   282 | D:1      | Gained mutation: You have a small tail. [demonic ancestry]
   282 | D:1      | Reached XP level 2. HP: 20/21 MP: 2/2
   844 | D:2      | Reached skill level 3 in Unarmed Combat
   854 | D:2      | Slain by a worm

Illustrated notes

Levels and vault maps discovered:
D:1:      dpeg_arrival_rhombi, layout_loops_ring,
          hellmonk_ecumenical_altar_lost_god, minivault_5, minmay_lizard_king
D:2:      layout_loops_ring, serial_glass, glass_columns_b, glass_columns_a,
          basic_altar, uniq_jessica

Skill      XL: |  1  2 |
---------------+-------+-----
Dodging        | 2 |  2.2
Unarmed Combat | 3 |  3.0
Fighting       | |  1.6
Shapeshifting  | |  2.9

Action                     || total
---------------------------++-------
  Melee: Unarmed           ||    70
         Tailslap          ||     4
    Use: Scroll            ||     4
         Potion            ||     2
   Stab: Sleeping          ||     1
 Armour: Leather armour    ||    44
         Animal skin       ||     4
  Dodge: Dodged            ||    48

Table legend: (Time is in decaauts)
 A = Elapsed time spent in this place.
 B = Non-inter-level travel time spent in this place.
 C = Inter-level travel time spent in this place.
 D = Time resting spent in this place.
 E = Time spent auto-exploring this place.
 F = Levels seen in this place.
 G = Mean time per level.
                   A        B        C        D        E       F      G
               +--------+--------+--------+--------+--------+-----+--------+
         Total |    849 |    813 |     36 |      0 |    572 |   2 |  424.5 |
       Dungeon |    849 |    813 |     36 |      0 |    572 |   2 |  424.5 |
               +--------+--------+--------+--------+--------+-----+--------+

Top non-repeatable levels by time:
     D:1: 829 daAuts
     D:2: 19 daAuts
